[Event "Late-Titled-Tuesday-Blitz-February-13-2024"]
[Site "Chess.com"]
[Date "2024.02.13"]
[Round "8"]
[White "VitorBronson"]
[Black "JCVanDamme10"]
[Result "0-1"]
[WhiteElo "2496"]
[BlackElo "2329"]
[TimeControl "180+1"]
[EndTime "15:28:28 PST"]
[Termination "JCVanDamme10 won by resignation"]

1. d4 d5 2. c4 c6 3. Nc3 Nf6 4. Nf3 e6 5. e3 Nbd7 6. Be2 Bd6 7. O-O O-O 8. b3 Re8 9. Bb2 Qe7 10. Bd3 dxc4 11.
bxc4 e5 12. c5 Bc7 13. Bc4 b5 14. Bb3 a5 15. a3 Ba6 16. Re1 b4 17. axb4 axb4 18.
Nb1 Bb5 19. Rxa8 Rxa8 20. Nbd2 h6 21. h3 e4 22. Nh4 Nd5 23. Qg4 N7f6 24. Qd1 g6 25. f3 Bg3 26. Nxg6 fxg6 27. fxe4 Bxe1 28. exd5 Qxe3+ 29. Kh1 Bxd2 30. dxc6+ Kg7 31. c7 Bc6 32. d5 Re8 33. dxc6 Qe1+ 34. Qxe1 Rxe1+ 35. Kh2 Bf4+ 36. g3 Bxc7 37. Bd4 Re2+ 38. Kg1 Rd2 39. Be3 Rd3 40.
Bf4 Bxf4 41. gxf4 Ne8 42. Bc4 Rc3 43. Bf7 Nc7 44. Ba2 b3 45. Bxb3 Rxb3 46. f5 Rc3 47. f6+ Kxf6 0-1

[Event "Late-Titled-Tuesday-Blitz-February-13-2024"]
[Site "Chess.com"]
[Date "2024.02.13"]
[Round "8"]
[White "pinguino120"]
[Black "DeTimmerman"]
[Result "0-1"]
[WhiteElo "2372"]
[BlackElo "2728"]
[TimeControl "180+1"]
[EndTime "15:28:29 PST"]
[Termination "DeTimmerman won by resignation"]

1. d4 Nf6 2. c4 e6 3. Nf3 b6 4. g3 Ba6 5. b3 b5 6. cxb5 Bxb5 7.
Bg2 d5 8. O-O Be7 9. Nc3 Ba6 10.
Bb2 O-O 11. Rc1 Nbd7 12. Ne5 Nxe5 13. dxe5 Nd7 14. f4 c5 15. Re1 c4 16. Kh1 cxb3 17.
axb3 Rb8 18. e4 Nc5 19. exd5 exd5 20. Nxd5 Nd3 21. Bd4 Nxc1 22. Qxc1 Bb7 23. Nxe7+ Qxe7 24. Qe3 Bxg2+ 25. Kxg2 Qb7+ 26. Kh3 a6 27. Bc5 Rfc8 28. b4 Qd7+ 29. Kg2 a5 30. Bd6 Rxb4 31. Bxb4 Qb7+ 32.
Qe4 Qxb4 33. Qxb4 axb4 34. Rb1 Rc4 35. Kf3 h5 36. Ke3 Rc2 37. Rxb4 Rxh2 38. Rb7 Rh1 39. Ke4 g6 40. Kf3 Rd1 41. Kf2 Kf8 42. Ra7 Rd4 43. Rb7 Ra4 44. Rc7 h4 45. Rb7 Ra2+ 46. Kf1 hxg3 47.
Rb3 Rf2+ 48. Kg1 Rxf4 49. Rxg3 Re4 50. Rg5 Ke7 51. Kf2 Ke6 52. Kf3 Rxe5 53. Rg1 Kf6 54. Ra1 g5 55. Ra6+ Kf5 56. Ra7 f6 57. Ra6 g4+ 58. Kg3 Re3+ 59. Kf2 Rf3+ 60. Kg2 Kg5 61. Ra5+ f5 62. Ra4 Rb3 63. Ra8 Rb2+ 64. Kg1 f4 65. Rg8+ Kh4 66. Kf1 Kg3 67. Ke1 f3 68. Rd8 f2+ 69.
Kf1 Rb1+ 0-1

[Event "Late-Titled-Tuesday-Blitz-February-13-2024"]
[Site "Chess.com"]
[Date "2024.02.13"]
[Round "8"]
[White "KuzubovYuriy"]
[Black "LyonBeast"]
[Result "0-1"]
[WhiteElo "2989"]
[BlackElo "3177"]
[TimeControl "180+1"]
[EndTime "15:28:31 PST"]
[Termination "LyonBeast won by checkmate"]

1. d4 Nf6 2. Nf3 g6 3. Nbd2 d5 4. b4 Bg7 5. Bb2 O-O 6. e3 a5 7. b5 c5 8. c4 cxd4 9. Bxd4 Nbd7 10. Rc1 Re8 11. cxd5 Nxd5 12. Bxg7 Kxg7 13. Nc4 N7f6 14.
Be2 Bg4 15. O-O Rc8 16. Qd4 Nb4 17. a3 Qxd4 18. Nxd4 Bxe2 19. Nxe2 Na2 20. Rc2 Rc5 21.
Rd1 Rec8 22. Rxa2 Rxc4 23. Kf1 Ne4 24. f3 Nd6 25. a4 Rb4 26. Nf4 Nc4 27. Kf2 Nb6 28. Nd5 Rxa4 29. Rxa4 Nxa4 30. Nxe7 Rc2+ 31. Kg3 Nc3 32. Rd7 a4 33. Rxb7 a3 34. Ra7 a2 35. b6 Rb2 36. Nc8 Rb1 37. Nd6 a1=Q 38. Rxf7+ Kg8 39. b7 Ne2+ 40. Kh3 Qe5 41. Rc7 Qh5# 0-1

[Event "Late-Titled-Tuesday-Blitz-February-13-2024"]
[Site "Chess.com"]
[Date "2024.02.13"]
[Round "8"]
[White "Msb2"]
[Black "sergiochess83"]
[Result "1/2-1/2"]
[WhiteElo "3010"]
[BlackElo "2853"]
[TimeControl "180+1"]
[EndTime "15:28:32 PST"]
[Termination "Game drawn by repetition"]

1. d4 Nf6 2. c4 e6 3. Nc3 Bb4 4. e3 O-O 5. Bd2 d5 6. Nf3 b6 7. cxd5 exd5 8. Rc1 a6 9. Bd3 Bb7 10.
O-O Bd6 11. Ne5 c5 12. f4 Nc6 13. Ng4 Nb4 14. Bb1 cxd4 15. exd4 Ne4 16. a3 Nxd2 17.
Qxd2 Nc6 18. Qd3 f5 19. Ne3 Ne7 20. Ba2 Kh8 21. Ncxd5 Nxd5 22. Bxd5 Bxd5 23. Nxd5 Bxa3 24. Ne3 Bxb2 25. Rcd1 Rc8 26. Nc4 Bc3 27. d5 b5 28.
Ne5 Qd6 29. Nc6 Bf6 30. Kh1 g6 31. h3 Rfe8 32. Rfe1 Kg7 33. Ne5 Bxe5 34. fxe5 Rxe5 35. Rxe5 Qxe5 36. d6 Rd8 37. d7 Qe6 38. Qd4+ Kf7 39.
Qh4 Rxd7 40. Re1 Qf6 41. Qxh7+ Qg7 42. Qh4 Qf6 43. Qh7+ Qg7 44. Qh4 Qf6 45. Qh7+ 1/2-1/2

[Event "Late-Titled-Tuesday-Blitz-February-13-2024"]
[Site "Chess.com"]
[Date "2024.02.13"]
[Round "8"]
[White "Fandorine"]
[Black "FMJoseHerrera"]
[Result "1-0"]
[WhiteElo "2949"]
[BlackElo "2719"]
[TimeControl "180+1"]
[EndTime "15:28:33 PST"]
[Termination "Fandorine won on time"]

1. d4 Nf6 2. c4 c5 3. d5 b5 4. cxb5 a6 5. e3 e6 6. Nc3 exd5 7. Nxd5 Bb7 8. Nxf6+ Qxf6 9. Nf3 Be7 10. bxa6 Nxa6 11. Be2 O-O 12. O-O d5 13. Bd2 Rfd8 14. Bc3 Qg6 15.
Qb1 Qh5 16. Re1 Bd6 17. h3 Nc7 18. b4 c4 19. a4 Rab8 20. b5 Ne6 21. Nd4 Qe5 22.
g3 Qg5 23. Qf5 Qh6 24. Qh5 Qf6 25. Nxe6 Qxe6 26. Qg4 Qh6 27. Rad1 Be7 28. Qh5 Qe6 29. Bg4 Qb6 30. Bf3 g6 31. Qg4 Bc8 32. Qd4 Qxd4 33. Bxd4 Bxh3 34. Be5 Ra8 35. Rxd5 Rxd5 36. Bxd5 Rxa4 37.
b6 Rb4 38. b7 Bc5 39. b8=Q+ Rxb8 40. Bxb8 c3 41. Rc1 Bb4 42. Be5 1-0

[Event "Late-Titled-Tuesday-Blitz-February-13-2024"]
[Site "Chess.com"]
[Date "2024.02.13"]
[Round "8"]
[White "ChEsper99"]
[Black "effefe"]
[Result "1-0"]
[WhiteElo "2208"]
[BlackElo "2274"]
[TimeControl "180+1"]
[EndTime "15:28:33 PST"]
[Termination "ChEsper99 won by checkmate"]

1. e4 c5 2. Nf3 d6 3. Bb5+ Nd7 4. a4 a6 5. Be2 Ngf6 6. Nc3 g6 7. O-O Bg7 8. d3 O-O 9. a5 e5 10. Nd2 Ne8 11. Nc4 Nb8 12. Nb6 Ra7 13. Nxc8 Qxc8 14. Nd5 Nc6 15. c3 Qd8 16. b4 f5 17. Qb3 Kh8 18. f4 fxe4 19. dxe4 exf4 20. Nxf4 Qe7 21. bxc5 dxc5 22. Ne6 Rxf1+ 23. Bxf1 Be5 24. Bg5 Qf7 25. Bc4 Nd6 26. Rf1 Qxf1+ 27. Bxf1 Ra8 28. Nxc5 Nxa5 29. Qd5 Re8 30. Bf6+ Bxf6 31. Qxd6 Bxc3 32. Qd7 Re5 33. Ne6 h5 34. Qd8+ Kh7 35. Qe7+ Kh6 36. Qg7# 1-0

[Event "Late-Titled-Tuesday-Blitz-February-13-2024"]
[Site "Chess.com"]
[Date "2024.02.13"]
[Round "8"]
[White "RantomOpening"]
[Black "Defenstrator"]
[Result "1-0"]
[WhiteElo "2522"]
[BlackElo "2371"]
[TimeControl "180+1"]
[EndTime "15:28:34 PST"]
[Termination "RantomOpening won by checkmate"]

1. c4 c5 2. Nf3 g6 3. e4 Bg7 4. d4 cxd4 5. Nxd4 Nc6 6. Be3 Nf6 7. Nc3 O-O 8. Be2 d6 9. h3 Bd7 10. O-O Nxd4 11. Bxd4 Bc6 12. Qd3 Nd7 13. Bxg7 Kxg7 14. Qd4+ f6 15. f4 Qb6 16. Qxb6 axb6 17. b4 Ra3 18. Rfc1 f5 19. exf5 gxf5 20. b5 Be4 21. Kf2 Nc5 22. Ke3 e5 23. g3 Rfa8 24.
Bd1 Nd3 25. Rc2 Nb4 26. Rcc1 Nd3 27. Rc2 Ne1 28. Rcc1 Ng2+ 29. Kf2 exf4 30. Nxe4 fxe4 31. gxf4 Nxf4 32. Rc2 Nxh3+ 33. Kg2 Nf4+ 34. Kh2 Kf6 35. Rd2 Rg8 36. Bb3 Ke5 37. Re1 Raa8 38. Bc2 Rg4 39.
Rxe4+ Kf6 40. Rxd6+ Kg5 41. Re5+ Kh4 42. Rh6+ Nh5 43. Rhxh5# 1-0

[Event "Late-Titled-Tuesday-Blitz-February-13-2024"]
[Site "Chess.com"]
[Date "2024.02.13"]
[Round "8"]
[White "ArchibaldCerveza29"]
[Black "deribas12345"]
[Result "0-1"]
[WhiteElo "2497"]
[BlackElo "2631"]
[TimeControl "180+1"]
[EndTime "15:28:35 PST"]
[Termination "deribas12345 won by resignation"]

1. e4 e6 2. d4 d5 3. e5 c5 4. c3 Qa5 5. dxc5 Nc6 6. Nf3 Qc7 7. b4 a5 8. Bb5 Bd7 9. Bxc6 Bxc6 10. O-O Ne7 11. Qe2 Ng6 12. h4 axb4 13. cxb4 d4 14. Nbd2 Nf4 15. Qd1 d3 16. Re1 Be7 17. Nc4 Ne2+ 18.
Rxe2 dxe2 19. Qxe2 O-O 20. Bg5 Bb5 21. Qe4 h6 22. Bxe7 Qxe7 23. Nd6 Bc6 24. Qf4 Bxf3 25. Qxf3 Qxh4 26. Qxb7 Qd4 27. Re1 Rxa2 28. Qf3 Qxb4 29. Rc1 Qb2 30. Qe3 Rfa8 31. c6 Qxc1+ 32. Qxc1 Ra1 33.
Qxa1 Rxa1+ 34. Kh2 Rc1 35. Nc8 Kf8 36. f4 Rxc6 37.
Nd6 Rxd6 38. exd6 Ke8 39. Kg3 Kd7 40. f5 exf5 41. Kf4 Kxd6 42. Kxf5 Kd5 43. Kf4 Kd4 44. Kf3 f5 45. Kf4 g6 46. g3 Kd5 47. Kf3 Ke5 48. Ke3 g5 49. Kf3 h5 50. Ke3 f4+ 51. gxf4+ gxf4+ 52.
Kf3 Kf5 53. Kf2 Kg4 54. Kg2 f3+ 55. Kf2 Kf4 56. Kf1 Kg3 57. Kg1 h4 58. Kh1 h3 59.
Kg1 f2+ 60. Kf1 h2 61. Ke2 h1=Q 0-1

[Event "Late-Titled-Tuesday-Blitz-February-13-2024"]
[Site "Chess.com"]
[Date "2024.02.13"]
[Round "8"]
[White "laskakid"]
[Black "GlavkonVVS"]
[Result "0-1"]
[WhiteElo "2404"]
[BlackElo "2560"]
[TimeControl "180+1"]
[EndTime "15:28:35 PST"]
[Termination "GlavkonVVS won on time"]

1. d4 Nf6 2. c4 c5 3. d5 e6 4. Nc3 exd5 5. cxd5 d6 6. Nf3 g6 7. h3 Bg7 8. Bf4 O-O 9. e3 Re8 10. Nd2 a6 11. a4 Nbd7 12. Be2 Ne5 13. Bh2 Rb8 14. O-O Qc7 15. a5 b5 16. axb6 Rxb6 17. f4 Ned7 18. Nc4 Rb4 19. f5 Rxc4 20. Bxc4 Rxe3 21. fxg6 hxg6 22. Bxa6 Bxa6 23. Rxa6 Ne5 24. Qd2 Rd3 25. Qc2 Nfd7 26. Ra8+ Kh7 27. Qf2 Bh6 28. Qh4 Rd4 29. Bf4 g5 30. Qh5 gxf4 31.
Rh8+ Kxh8 32. Qxh6+ Kg8 33. Qg5+ Ng6 34. h4 Ne5 35. h5 Qe7 36. Qh6 Nf8 37. Rxf4 Rxf4 38.
Qxf4 Nh7 39. Ne4 Kg7 40. h6+ Kg6 41. Ng3 Qg5 42. Qe4+ f5 0-1

[Event "Late-Titled-Tuesday-Blitz-February-13-2024"]
[Site "Chess.com"]
[Date "2024.02.13"]
[Round "8"]
[White "nindjaxx8"]
[Black "Quattroporte300"]
[Result "1-0"]
[WhiteElo "2562"]
[BlackElo "2415"]
[TimeControl "180+1"]
[EndTime "15:28:36 PST"]
[Termination "nindjaxx8 won on time"]

1. d4 Nf6 2. c4 b6 3. Nc3 Bb7 4. Bf4 g6 5. Nf3 Bg7 6. e3 Nh5 7. Bg3 Nxg3 8. hxg3 d6 9. Qc2 e5 10. dxe5 dxe5 11. Rd1 Nd7 12. Be2 Qe7 13. O-O O-O 14. Nd5 Bxd5 15. cxd5 Qd6 16. Nd2 f5 17. Nc4 Qc5 18.
Qb3 Kh8 19. d6 c6 20. Rd2 a5 21. a4 e4 22. Rfd1 Rad8 23. Na3 Qb4 24. Qc2 Nc5 25. d7 Qxa4 26. Qxa4 Nxa4 27. Nc4 Rf7 28. Nd6 Rdxd7 29. Nxf7+ Rxf7 30. Bc4 Rf8 31. Bb3 Nxb2 32. Rc1 c5 33. Rd7 a4 34. Ba2 Rb8 35. Ra7 h6 36. Bf7 Kh7 37. Be6 b5 38. Rxc5 Nd3 39. Rcc7 1-0

[Event "Late-Titled-Tuesday-Blitz-February-13-2024"]
[Site "Chess.com"]
[Date "2024.02.13"]
[Round "8"]
[White "manitodeplomo"]
[Black "AlexeiShirov"]
[Result "0-1"]
[WhiteElo "2648"]
[BlackElo "2864"]
[TimeControl "180+1"]
[EndTime "15:28:40 PST"]
[Termination "AlexeiShirov won on time"]

1. d4 d5 2. c4 c6 3. Nf3 Nf6 4. Nc3 e6 5. Bg5 dxc4 6. e4 b5 7. a4 b4 8. Nb1 Ba6 9. Qc1 Nbd7 10. Bxc4 Qa5 11. Nbd2 Rc8 12. O-O Be7 13. e5 Nd5 14. Ne4 O-O 15. Bxe7 Nxe7 16. Nd6 Rc7 17. Bxa6 Qxa6 18.
Qd2 Rb8 19. Rfc1 c5 20. h4 Nd5 21. h5 h6 22. Rc4 Rc6 23. Rac1 N5b6 24. Rxb4 cxb4 25.
Rxc6 Qxa4 26. Rc7 Nd5 27. Rc1 b3 28. g4 Qb4 29. Qd3 N7b6 30. g5 Nf4 31. Qe4 Nbd5 32. gxh6 g6 33. hxg6 fxg6 34. Kh2 Rf8 35. Rg1 Kh7 36. Rg4 Rf5 37. Nxf5 exf5 38. Qxf4 Nxf4 39. Rxf4 Kxh6 40. Kg3 Qb5 41. Rh4+ Kg7 42. Ng5 Qd3+ 43. f3 Qd1 44. Rh7+ Kg8 45. Rxa7 Qg1+ 46. Kh4 Qxd4+ 47. Kh3 Qxa7 0-1

[Event "Late-Titled-Tuesday-Blitz-February-13-2024"]
[Site "Chess.com"]
[Date "2024.02.13"]
[Round "8"]
[White "ninguno46"]
[Black "OneTrickPony_82"]
[Result "1-0"]
[WhiteElo "2506"]
[BlackElo "2559"]
[TimeControl "180+1"]
[EndTime "15:28:40 PST"]
[Termination "ninguno46 won on time"]

1. e4 e5 2. Nf3 Nc6 3. Nc3 Nf6 4.
d4 exd4 5. Nxd4 Bb4 6. Nxc6 bxc6 7. Bd3 O-O 8. O-O d5 9. exd5 cxd5 10. Bg5 c6 11. h3 h6 12. Bh4 Be6 13. Qf3 Be7 14. Rae1 Nd7 15. Bxe7 Qxe7 16. Ne2 Ne5 17. Qg3 Nxd3 18.
cxd3 Qf6 19. d4 Bf5 20. Rc1 Rfe8 21. Rfe1 Re6 22. Qc3 Rae8 23. Ng3 Bg6 24. Rxe6 Rxe6 25. Qd2 Qe7 26. a3 h5 27. Qf4 h4 28. Nf5 Qf6 29.
Qb8+ Kh7 30. Ne3 Qxd4 31. Rd1 Qb6 32. Qf4 Re4 33. Qg5 Qxb2 34. Ng4 Qxa3 35. Qxh4+ Kg8 36.
Rb1 Re8 37. Rf1 Qd6 38. Qg5 Qe7 39. Qd2 Qe2 40. Qa5 d4 41. Qc5 d3 42. Qxc6 d2 43.
Kh2 Re6 44. Qc8+ Kh7 45. Rb1 d1=Q 46. Rb8 1-0

[Event "Late-Titled-Tuesday-Blitz-February-13-2024"]
[Site "Chess.com"]
[Date "2024.02.13"]
[Round "8"]
[White "delqate"]
[Black "TheMagician"]
[Result "1-0"]
[WhiteElo "2498"]
[BlackElo "2225"]
[TimeControl "180+1"]
[EndTime "15:28:40 PST"]
[Termination "delqate won on time"]

1. d4 Nf6 2. Bf4 d6 3. Nc3 Nc6 4. e4 e5 5. dxe5 Nxe5 6. Bxe5 dxe5 7. Qxd8+ Kxd8 8. O-O-O+ Bd6 9. Bc4 Ke7 10. f3 c6 11.
a4 Bb4 12. Nge2 Be6 13. Bxe6 Kxe6 14. Nb1 Rhd8 15. c3 Bc5 16. Kc2 Be3 17. Na3 Bc5 18. b4 Be7 19. Nc4 b6 20. g4 g6 21. h4 Rxd1 22.
Kxd1 Rd8+ 23. Kc2 h5 24. g5 Nd7 25. f4 f6 26. Rf1 fxg5 27. hxg5 Rf8 28. Ne3 Bd6 29. f5+ Ke7 30. Nc4 gxf5 31. exf5 Rg8 32. f6+ Ke6 33. f7 Rxg5 34. Nxd6 Kxd6 35. f8=Q+ Nxf8 36. Rxf8 Rg4 37. Rh8 a5 38. bxa5 bxa5 39.
Rxh5 Rxa4 40. Kb3 Ra1 41. Ng3 a4+ 42. Kb2 Re1 43. Rh4 Re3 44. Nf5+ Kc7 45. Nxe3 1-0

[Event "Late-Titled-Tuesday-Blitz-February-13-2024"]
[Site "Chess.com"]
[Date "2024.02.13"]
[Round "8"]
[White "GaiozNigalidze"]
[Black "N_Mullodzhanov"]
[Result "1-0"]
[WhiteElo "2660"]
[BlackElo "2500"]
[TimeControl "180+1"]
[EndTime "15:28:44 PST"]
[Termination "GaiozNigalidze won by checkmate"]

1. e4 c6 2. d4 d5 3. e5 Bf5 4. h4 h6 5. Bd3 Bxd3 6. Qxd3 e6 7.
h5 c5 8. c3 Nc6 9. Nf3 cxd4 10. cxd4 Rc8 11. Nc3 Nb4 12. Qe2 Qb6 13. a3 Nc6 14.
Rh4 Nge7 15. Rf4 Nf5 16. Nxd5 exd5 17. Rxf5 Nxd4 18. Nxd4 Qxd4 19. Qb5+ Rc6 20. Qxb7 Qe4+ 21. Be3 Qxf5 22. Qxc6+ Qd7 23. Qa8+ Qd8 24. Qxa7 Be7 25. Bb6 Qc8 26. Rd1 O-O 27. Qxe7 Qf5 28. Be3 Qxh5 29.
Rxd5 Qf5 30. Rd1 Qe4 31. Kf1 Ra8 32. Kg1 Kh7 33. Qc5 Qb7 34. Rc1 Ra4 35. Qc2+ Qe4 36.
Qxe4+ Rxe4 37. b4 Rxe5 38. a4 Re4 39. Rb1 f5 40. a5 f4 41. Bc5 Re5 42. a6 Re8 43. a7 f3 44. gxf3 h5 45. b5 g5 46.
b6 g4 47. b7 gxf3 48. b8=Q Rg8+ 49. Qxg8+ Kxg8 50. Rb7 h4 51. a8=Q# 1-0

[Event "Late-Titled-Tuesday-Blitz-February-13-2024"]
[Site "Chess.com"]
[Date "2024.02.13"]
[Round "8"]
[White "johnmez"]
[Black "igorknyazev"]
[Result "0-1"]
[WhiteElo "2272"]
[BlackElo "2206"]
[TimeControl "180+1"]
[EndTime "15:28:44 PST"]
[Termination "igorknyazev won by resignation"]

1. d4 Nf6 2. c4 c5 3. d5 b5 4. a4 Qa5+ 5. Bd2 b4 6. Bc1 g6 7. Nd2 Bg7 8. e4 O-O 9. f4 d6 10. Ngf3 e6 11. Bd3 Ng4 12. Qe2 f5 13.
O-O Qd8 14. h3 Nh6 15. e5 dxe5 16. fxe5 Bb7 17. d6 Nc6 18. b3 Nf7 19. Bb2 Nxd6 20.
exd6 Bxb2 21. Qxe6+ Kh8 22. Rae1 Nd4 23. Nxd4 Bxd4+ 24. Kh1 Qe8 25. Nf3 Qc6 26. d7 Rad8 27. Qxc6 Bxc6 28. Nxd4 cxd4 29. Re7 Rxd7 30. Rfe1 Rf7 31. Re8+ Kg7 32. c5 Rd5 33. Bc4 Bxe8 34. Rxe8 Rxc5 35.
Bxf7 Kxf7 36. Ra8 Rc7 37. Rd8 Ke6 38. Rxd4 a5 39. Kg1 Ke5 40. Rd2 Rc3 41. Rb2 Kd4 42.
Kf2 Kd3 43. g4 Rc2+ 44. Rxc2 Kxc2 45. Kg3 Kxb3 0-1

[Event "Late-Titled-Tuesday-Blitz-February-13-2024"]
[Site "Chess.com"]
[Date "2024.02.13"]
[Round "8"]
[White "LUISMIGUELOV"]
[Black "akanga001"]
[Result "1-0"]
[WhiteElo "2186"]
[BlackElo "2015"]
[TimeControl "180+1"]
[EndTime "15:28:46 PST"]
[Termination "LUISMIGUELOV won by checkmate"]

1. e4 d6 2. Nf3 Nf6 3. Nc3 Nbd7 4. Bb5 c6 5. Ba4 e5 6. d3 Nc5 7. Bb3 Bg4 8. h3 Bh5 9. g4 Bg6 10. Bg5 Be7 11. Nh4 O-O 12. Nf5 d5 13. Qf3 Bxf5 14. gxf5 d4 15. Ne2 Nfd7 16. Bd2 Kh8 17. Rg1 Nxb3 18.
axb3 Bf6 19. Qg2 b6 20. Ng3 Qe7 21. Nh5 Rg8 22. h4 c5 23. Bg5 a6 24. Ke2 b5 25. Bxf6 gxf6 26. Qf3 Nb6 27. Rxg8+ Kxg8 28. Qg4+ Kf8 29. Qg7+ Ke8 30. Nxf6+ Kd8 31. Qg8+ Kc7 32. Qxa8 Nxa8 33. Nd5+ Kd6 34. Nxe7 Kxe7 35. Rxa6 Nc7 36. Ra7 Kd6 37. Rxc7 Kxc7 38. Kf3 f6 39. Kg4 Kd7 40. Kh5 Ke7 41. Kh6 Kf7 42. Kxh7 b4 43. h5 Kf8 44.
Kg6 Ke7 45. h6 Kf8 46. h7 Ke7 47. h8=Q Kd6 48. Qxf6+ Kc7 49. Qxe5+ Kc6 50. Qd5+ Kb5 51. Qd6 Ka5 52. Qxc5+ Ka6 53. Qxb4 Ka7 54. Qxd4+ Ka8 55. Qd7 Kb8 56. f6 Ka8 57. f7 Kb8 58. f8=R# 1-0

[Event "Late-Titled-Tuesday-Blitz-February-13-2024"]
[Site "Chess.com"]
[Date "2024.02.13"]
[Round "8"]
[White "rikchessmx"]
[Black "MikeSailer"]
[Result "0-1"]
[WhiteElo "2288"]
[BlackElo "2214"]
[TimeControl "180+1"]
[EndTime "15:28:47 PST"]
[Termination "MikeSailer won by resignation"]

1. e4 d5 2. exd5 Qxd5 3. Nc3 Qd6 4. Bc4 c6 5. d3 Nf6 6. Qe2 Bg4 7. f3 Bf5 8. g4 Bg6 9. Nh3 e6 10. Bd2 Qc7 11. Nf4 Bd6 12. Nxg6 hxg6 13. O-O-O Nbd7 14. g5 Nh5 15. Kb1 O-O-O 16. Ne4 Bf4 17. Bc3 Nb6 18.
Bb3 Nd5 19. Be1 Ne3 20. Rc1 Nf5 21. Rd1 Nd4 22. Qg2 Nxb3 23. axb3 Kb8 24. Bc3 Ka8 25.
h4 Rd5 26. Be1 Rhd8 27. Nc3 Rf5 28. Bf2 Qa5 29. d4 Qa6 30. b4 Qc4 31. Rd3 Qxb4 32. Ne4 Ra5 33. Rb3 Qa4 34. Ra3 Qb5 35. Rb3 Qa6 36. c4 Qxc4 37. Rc3 Qa6 38. Nc5 Ra1+ 39. Kc2 Qe2+ 40. Kb3 Rxh1 41. Qxh1 Qxf2 42. Qa1 Qxd4 43. Nxb7 Kxb7 44. Qa5 Rb8 45. Ka2 Qd5+ 46. Qxd5 exd5 47. Rc4 dxc4 0-1

[Event "Late-Titled-Tuesday-Blitz-February-13-2024"]
[Site "Chess.com"]
[Date "2024.02.13"]
[Round "8"]
[White "Konavets"]
[Black "AradNazari"]
[Result "1-0"]
[WhiteElo "3017"]
[BlackElo "2775"]
[TimeControl "180+1"]
[EndTime "15:28:48 PST"]
[Termination "Konavets won on time"]

1. e4 c5 2. Nf3 d6 3. d4 cxd4 4. Nxd4 Nf6 5. f3 a6 6. c4 g6 7.
Nc3 Bg7 8. Be3 O-O 9. Qd2 Nc6 10. Rc1 Nxd4 11. Bxd4 Be6 12. b3 Qa5 13. Be2 Rfc8 14. O-O b5 15. cxb5 axb5 16. Rfd1 Nd7 17. Bxg7 Kxg7 18.
Bxb5 Ne5 19. Be2 Rc7 20. f4 Rac8 21. fxe5 dxe5 22. Bc4 Bxc4 23. Na4 Qxd2 24. Rxd2 Bb5 25. Rxc7 Rxc7 26. Nb6 f5 27. a4 Rc1+ 28. Kf2 Rf1+ 29. Kg3 f4+ 30. Kh3 Bc6 31. Re2 Rb1 32. Nc4 Rxb3+ 33.
g3 Bd7+ 34. Kh4 h6 35. Nxe5 g5+ 36. Kh5 Be8+ 37. Kg4 fxg3 38. Kf5 Bxa4 39. hxg3 Rxg3 40. Ra2 Be8 41. Ra7 Kf8 42. Ra8 Rg1 43. Ke6 Rf1 44. Nd7+ Kg7 45. Rxe8 g4 46. Rxe7+ Kg6 47. Ne5+ Kh5 48.
Rg7 1-0

[Event "Late-Titled-Tuesday-Blitz-February-13-2024"]
[Site "Chess.com"]
[Date "2024.02.13"]
[Round "8"]
[White "mightysmasher"]
[Black "KetiTsatsalashvili"]
[Result "1-0"]
[WhiteElo "2557"]
[BlackElo "2454"]
[TimeControl "180+1"]
[EndTime "15:28:48 PST"]
[Termination "mightysmasher won on time"]

1. e4 c5 2. c3 Nf6 3. e5 Nd5 4. d4 e6 5. Nf3 Nc6 6. Bc4 cxd4 7. cxd4 d6 8. O-O dxe5 9. dxe5 Nb6 10. Qxd8+ Nxd8 11. Bb5+ Bd7 12. Nc3 a6 13. Bxd7+ Nxd7 14. Be3 Bc5 15. Bxc5 Nxc5 16. b4 Nd7 17. Rad1 Nc6 18.
Ne4 Ndxe5 19. Nxe5 Nxe5 20. Nd6+ Ke7 21. Nxb7 Rhb8 22.
Nc5 Rxb4 23. Rfe1 Rd8 24. Rxd8 Kxd8 25. h3 Nc6 26. Rd1+ Ke8 27. Nxa6 Ra4 28. Nc5 Rxa2 29. Rd6 Nb4 30. Rb6 Nd5 31. Rb8+ Ke7 32. Rb7+ Kd6 33.
Ne4+ Ke5 34. Ng5 f6 35. Nxh7 g5 36. Nf8 Nf4 37. Rb5+ Ke4 38. Rb4+ Kf5 39. Rb1 e5 40. Rb4 g4 41. hxg4+ Kg5 42. Nh7+ Kg6 43. Nf8+ Kg5 44. Nh7+ Kg6 45. Rb7 Nd3 46. Nf8+ Kg5 47. Rg7+ Kf4 48.
Ng6+ Ke4 49. f3+ Ke3 50. Ne7 Ra1+ 51. Kh2 Ra2 52. Nd5+ Kd4 53. Nxf6 Ne1 54. Rd7+ 1-0

[Event "Late-Titled-Tuesday-Blitz-February-13-2024"]
[Site "Chess.com"]
[Date "2024.02.13"]
[Round "8"]
[White "RandomNoob04"]
[Black "Flaccidmoves"]
[Result "1/2-1/2"]
[WhiteElo "2610"]
[BlackElo "2444"]
[TimeControl "180+1"]
[EndTime "15:28:49 PST"]
[Termination "Game drawn by repetition"]

1. e4 e6 2. d4 d5 3. e5 c5 4. c3 Nc6 5. Nf3 Bd7 6. Bd3 Qb6 7. O-O cxd4 8. cxd4 Nxd4 9. Nxd4 Qxd4 10. Nc3 Ne7 11. Nb5 Qxe5 12. Re1 Qb8 13. Qf3 Bxb5 14. Bxb5+ Nc6 15.
Qxd5 Qd6 16. Qf3 Be7 17. Bf4 Qc5 18. Re5 Qb6 19. Bg5 f6 20. Bxc6+ Qxc6 21. Qxc6+ bxc6 22. Rxe6 fxg5 23. Rae1 O-O-O 24. Rxe7 Rd7 25. g3 Rhd8 26. Kg2 Rxe7 27. Rxe7 Rd7 28. Rxd7 Kxd7 29. Kf3 Ke6 30. Ke4 c5 31. b3 h5 32. f4 gxf4 33. Kxf4 Kf6 34.
h4 g6 35. a3 a6 36. Ke4 Ke6 37. Kf4 Kf6 38. b4 cxb4 39. axb4 Ke6 40. g4 Kf6 41.
gxh5 gxh5 42. Ke4 Ke6 43. Kd4 Kd6 44. Kc4 Kc6 45. Kd4 Kd6 46. Kc3 Kd5 47. Kb3 Kd6 48.
Ka4 Kc6 49. Ka5 Kb7 50. Ka4 Kb6 51. Ka3 Kb5 52. Kb3 Kb6 53. Kc4 Kc6 54. Kd4 Kd6 1/2-1/2

[Event "Late-Titled-Tuesday-Blitz-February-13-2024"]
[Site "Chess.com"]
[Date "2024.02.13"]
[Round "8"]
[White "reevecanada"]
[Black "SouS007"]
[Result "0-1"]
[WhiteElo "2557"]
[BlackElo "2502"]
[TimeControl "180+1"]
[EndTime "15:28:50 PST"]
[Termination "SouS007 won on time"]

1. e4 e6 2. Nf3 d5 3. Nc3 dxe4 4. Nxe4 Bd7 5. d4 Bc6 6. Bd3 Nd7 7. O-O Ngf6 8. Re1 Nxe4 9. Bxe4 Bxe4 10. Rxe4 Nf6 11.
Bg5 Be7 12. Bxf6 Bxf6 13. Qe2 O-O 14. Re1 Qd5 15. c4 Qa5 16. b3 Rad8 17. h4 c5 18. dxc5 Qxc5 19. g4 Be7 20. Kg2 Rd6 21.
h5 h6 22. Re5 Qc7 23. Qe3 Bf6 24. Re4 b6 25. Re2 Rfd8 26. Qf4 Qc5 27. Ne5 Rd4 28. Nf3 Rd3 29. R2e3 Rd1 30. Ne5 R1d4 31. Nf3 Rxe4 32. Qxe4 Qc7 33. Re2 Bc3 34. g5 hxg5 35. Nxg5 Rd4 36.
Qh7+ Kf8 37. Qh8+ Ke7 38. Nxe6 Rg4+ 39. Kf3 fxe6 40. Kxg4 Qh2 41. Re3 Qg2+ 42. Rg3 Qe4+ 43. Kh3 Qh1+ 44. Kg4 Qd1+ 45. f3 Qd3 46. Kh3 Qf1+ 47.
Kg4 Qb1 48. Kf4 Bd2+ 0-1

[Event "Late-Titled-Tuesday-Blitz-February-13-2024"]
[Site "Chess.com"]
[Date "2024.02.13"]
[Round "8"]
[White "Shankland"]
[Black "Jospem"]
[Result "1/2-1/2"]
[WhiteElo "2951"]
[BlackElo "3037"]
[TimeControl "180+1"]
[EndTime "15:28:51 PST"]
[Termination "Game drawn by repetition"]

1. d4 Nf6 2. c4 e6 3. Nc3 Bb4 4. Qc2 d6 5. Nf3 Nbd7 6. Bd2 c5 7. a3 Bxc3 8. Bxc3 b6 9. e4 Bb7 10. d5 O-O 11. Bd3 Re8 12. O-O e5 13. g3 Nf8 14.
Nh4 Ng6 15. Nf5 Bc8 16. Rae1 Bxf5 17. exf5 Nf8 18. f3 a6 19. a4 Qc7 20. Qd2 b5 21. b3 bxa4 22. bxa4 Rab8 23. Bc2 N8d7 24.
g4 Nb6 25. Qd3 Qd7 26. a5 Na4 27. Ba1 Nb2 28. Qc3 Na4 29. Qd3 Rb4 30. Rb1 Reb8 31. f4 Nb2 32. Bxb2 Rxb2 33. g5 Nh5 34. fxe5 Rxb1 35. Rxb1 Rxb1+ 36. Bxb1 dxe5 37. Qb3 Qd8 38. h4 h6 39. Qb6 Qe8 40. Bc2 hxg5 41. hxg5 e4 42. d6 Qe5 43. Qd8+ Kh7 44. d7 Qg3+ 45. Kf1 Qf3+ 46. Ke1 Qe3+ 47. Kd1 Qg1+ 48. Kd2 Qd4+ 49. Kc1 Qa1+ 50. Kd2 Qd4+ 51. Kc1 Qa1+ 52. Kd2 Qd4+ 1/2-1/2